 Dungeon Crawl Stone Soup version 0.17-a0-1945-gfe993df (webtiles) character file.

2625 esc the Insei (level 9, -3/59 (61) HPs)
             Began as an Octopode Transmuter on Sept 30, 2015.
             Was an Elder of Cheibriados.
             Slain by a necrophage (6 damage)
             ... on level 8 of the Dungeon.
             The game lasted 00:21:31 (8460 turns).

esc the Insei (Octopode Transmuter)                 Turns: 8460, Time: 00:21:31

HP:   -3/59 (61)    AC:  1    Str: 18    XL:     9   Next: 60%
MP:   17/17         EV: 13    Int: 31    God:    Cheibriados [****..]
Gold: 257           SH:  0    Dex: 28    Spells: 5 memorised, 4 levels left

rFire  . . .     SeeInvis .       - Unarmed
rCold  . . .     Clarity  .     (no shield)
rNeg   . . .     SustAt   .     (helmet restricted)
rPois  .         Gourm    .     r - amulet of resist corrosion {rCorr, !d}
rElec  .         Spirit   .     e - ring of wizardry {Wiz+, !d}
rCorr  +         Warding  .     n - +6 ring of dexterity
rMut   .         Stasis   .     p - ring of wizardry {Wiz+, !d}
MR     .....                    g - +4 ring of intelligence
Stlth  +++.......               G - ring of flight {+Fly, !d}
                                (no ring)
                                (no ring)
                                (no ring)

@: non-regenerating, diseased, very slow, not resistant to hostile enchantments,
fairly stealthy
A: almost no armour, amphibious, 8 rings, constrict 8, camouflage 1, gelatinous
body 1
a: Bend Time, Temporal Distortion, Slouch, Renounce Religion, Evoke Flight


You were on level 8 of the Dungeon.
You worshipped Cheibriados.
Cheibriados was greatly pleased with you.
You were not hungry.

You visited 1 branch of the dungeon, and saw 8 of its levels.

You collected 357 gold pieces.
You spent 100 gold pieces at shops.

Inventory:

Missiles
 a - 106 arrows
 t - 8 poisoned arrows
 A - 6 poisoned needles
Armour
 s - a +1 buckler
   (You found it on level 4 of the Dungeon)
Jewellery
 e - a ring of wizardry (left tentacle) {Wiz+, !d}
   (You found it on level 1 of the Dungeon)
 g - a +4 ring of intelligence (on tentacle)
   (You found it on level 7 of the Dungeon)
 n - a +6 ring of dexterity (right tentacle)
   (You found it on level 2 of the Dungeon)
 p - a ring of wizardry (on tentacle) {Wiz+, !d}
   (You found it on level 2 of the Dungeon)
 r - an amulet of resist corrosion (around mantle) {rCorr, !d}
   (You found it on level 4 of the Dungeon)
 G - a ring of flight (on tentacle) {+Fly, !d}
   (You found it on level 8 of the Dungeon)
Magical devices
 h - a wand of disintegration (2)
   (You found it on level 4 of the Dungeon)
 y - a wand of fireball (10)
   (You found it on level 5 of the Dungeon)
 E - a wand of teleportation (2)
   (You found it on level 7 of the Dungeon)
 I - a wand of lightning (10)
   (You found it on level 8 of the Dungeon)
Scrolls
 d - 4 scrolls of recharging
 j - a scroll of teleportation
 m - a scroll of magic mapping {!r}
 C - a scroll of remove curse
 F - a scroll of enchant armour
 H - a scroll of amnesia
Potions
 f - a potion of agility
 i - 3 potions of magic
 k - a potion of might
 l - 2 potions of curing
 o - a potion of cure mutation {!q}
 q - a potion of invisibility {unknown}
 u - a potion of lignification {!q}
 x - a potion of resistance {unknown}
Books
 b - a book of Changes
 z - a book of the Tempests
   (You found it on level 6 of the Dungeon)
Comestibles
 c - 6 bread rations {@e1}
 v - a meat ration {@e2}
 w - 2 beef jerkies


   Skills:
 + Level 5.6 Fighting
 + Level 5.8 Dodging
 + Level 6.4 Unarmed Combat
 + Level 5.8 Spellcasting
 + Level 5.9 Transmutations


You had 4 spell levels left.
You knew the following spells:

 Your Spells              Type           Power        Failure   Level  Hunger
a - Beastly Appendage     Trmt           #####.       1%          1    None
b - Ice Form              Ice/Trmt       ####....     4%          4    ###....
c - Spider Form           Trmt/Pois      ####......   1%          3    None
s - Sticks to Snakes      Trmt           #####.....   1%          2    None
x - Blade Hands           Trmt           #####.....   4%          5    #####..


Dungeon Overview and Level Annotations

Branches:
Dungeon (8/15)             Temple (0/1) D:5
   Lair: D:8-11

Altars:
Cheibriados
Dithmenos
Elyvilon
Gozag
Makhleb
Sif Muna
Zin

Shops:
D:4 (   D:5 *   D:6 }

Annotations:
D:5 exclusion: Sigmund, Edmund, Sigmund
D:8 Prince Ribbit


Innate Abilities, Weirdness & Mutations

You cannot wear most types of armour.
You are amphibious.
You can wear up to eight rings at the same time.
You can use your tentacles to constrict eight enemies at once.
Your skin changes colour to match your surroundings (Stealth).
Your rubbery body absorbs attacks (AC +1).


Message History

You take 14 damage, and have 27/61 hp.
MASSIVE DAMAGE!!
You now have 12/17 mp.
You slice the wyvern!! You slash the wyvern.
You kill the wyvern!
Cheibriados thoroughly appreciates the change of pace.
You hear a shout!
You start resting.
A giant frog and an orc come into view.
The giant frog gives a loud, deep croak!
The giant frog moves out of view.
The orc drinks a potion.
The orc suddenly seems more agile.
You see here a wyvern corpse.
The orc closely misses you.
You shred the orc!!!
You kill the orc!
Cheibriados appreciates the change of pace.
The giant frog barely misses you.
A wolf spider comes into view.
You barely miss the giant frog.
The wolf spider hisses angrily.
You grab the giant frog. You constrict the giant frog.
The giant frog misses you.
Read which item? (? for menu, Esc to quit)
As you read the scroll of teleportation, it crumbles to dust.
You feel strangely unstable.
You constrict the giant frog. The giant frog misses you.
The giant frog hits you.
You take 1 damage, and have 28/61 hp.
You slice the giant frog!!
You kill the giant frog!
Cheibriados thoroughly appreciates the change of pace.
You slash the wolf spider! You grab the wolf spider.
You constrict the wolf spider. The wolf spider hits you!
* * * LOW HITPOINT WARNING * * *
The wolf spider bites you.
* * * LOW HITPOINT WARNING * * *
You take 22 damage, and have 6/61 hp.
MASSIVE DAMAGE!!
Drink which item? (? for menu, Esc to quit)
You feel much better.
You constrict the wolf spider. The wolf spider completely misses you.
The wolf spider closely misses you. The wolf spider closely misses you.
The wolf spider barely misses you.
You regained 19 hp, and now have 25/61 hp.
You slice the wolf spider!! You squeeze the wolf spider.
Your surroundings suddenly seem different.
You lose your grip on something.
You start resting.
Your transformation is almost over.
You regained 2 hp, and now have 28/61 hp.
You regained 2 mp, and now have 16/17 mp.
Eat which item? (? for menu, Esc to quit)
You continue eating. x2
You finish eating.
That royal jelly was delicious!
Your tentacles revert to their normal proportions.
There is an open door here.
Things that are here:
a war axe; a plate armour; an orc skeleton A brown ugly thing comes into view.
You regained 7 hp, and now have 36/61 hp.
MP restored: 17 Read which item? (? for menu, Esc to quit)
Okay, then.
Read which item? (? for menu, Esc to quit)
As you read the scroll of teleportation, it crumbles to dust.
You feel strangely unstable.
The brown ugly thing gurgles horribly!
The brown ugly thing completely misses you.
Things that are here:
a war axe; a plate armour; an orc skeleton Your surroundings suddenly seem different.
Found an escape hatch in the ceiling.
A centaur and a necrophage come into view.
A centaur comes into view.
The necrophage closely misses you.
The centaur shouts!
The centaur shouts!
The centaur wields a shortbow.
The centaur shoots an arrow.
The arrow misses you. The necrophage misses you.
The centaur closely misses you.
The centaur shoots an arrow.
The arrow hits you! The necrophage hits you.
* * * LOW HITPOINT WARNING * * *
You feel ill.
Your flesh rots away!
Your flesh rots away!
The centaur barely misses you.
There is an escape hatch in the ceiling, spattered with blood here.
You see here an arrow.
You take 22 damage, and have 16/59 hp.
MASSIVE DAMAGE!!
Drink which item? (? for menu, Esc to quit)
Okay, then.
Drink which item? (? for menu, Esc to quit)
Okay, then.
Unknown command.
The centaur shoots an arrow.
The arrow hits you!
* * * LOW HITPOINT WARNING * * *
The centaur hits you.
* * * LOW HITPOINT WARNING * * *
The necrophage hits you.
You die...

################ #
##..............#..
#..................
..........c........
...................
..........c........
..........n@.......
...................
...................
##.................
#######.....(..#..
#..####### # #..#
...[.... ...=.....
..


You could see a necrophage and 2 centaurs.

Vanquished Creatures
  A trapdoor spider (D:8)
  2 wyverns (D:8)
  A vampire mosquito (D:8)
  Menkaure (D:5)
  An orc warrior (D:8)
  2 sky beasts
  A centaur (D:7)
  2 ogres
  4 giant frogs
  2 scorpions
  3 wights (D:7)
  3 crimson imps
  A hound (D:5)
  A jelly (D:8)
  3 orc wizards
  2 iguanas (D:4)
  2 orc priests (D:6)
  A centaur skeleton (D:4)
  Natasha (twice) (D:3)
  5 worker ants
  A hound skeleton (D:5)
  A worker ant zombie (D:5)
  Robin (D:3)
  15 adders
  6 gnolls
  2 shadow imps
  2 oozes
  An adder zombie (D:5)
  2 adder skeletons
  4 worms
  7 giant geckos
  13 orcs
  3 giant cockroaches
  9 hobgoblins
  17 jackals
  A quokka (D:2)
  A ball python (D:3)
  8 bats
  4 giant newts
  12 goblins
  A jackal skeleton (D:6)
  4 kobolds (D:1)
  8 rats
  A bush (D:1)
164 creatures vanquished.

Vanquished Creatures (collateral kills)
  2 hobgoblins (D:3)
  5 goblins (D:3)
7 creatures vanquished.

Grand Total: 171 creatures vanquished

Notes
Turn   | Place    | Note
--------------------------------------------------------------
     0 | D:1      | esc the Octopode Transmuter began the quest for the Orb.
     0 | D:1      | Reached XP level 1. HP: 13/13 MP: 3/3
   364 | D:1      | Reached XP level 2. HP: 6/18 MP: 5/5
  1101 | D:1      | Reached XP level 3. HP: 19/23 MP: 6/6
  1105 | D:1      | Learned a level 2 spell: Sticks to Snakes
  1905 | D:2      | Found a glowing silver altar of Zin.
  2019 | D:2      | HP: 5/23 [gnoll/club (8)]
  2021 | D:2      | Reached XP level 4. HP: 6/28 MP: 6/8
  2411 | D:2      | Learned a level 3 spell: Spider Form
  2700 | D:2      | HP: 7/29 [poisoned by an adder]
  3186 | D:3      | Noticed Natasha
  3198 | D:3      | Killed Natasha
  3198 | D:3      | Reached skill level 3 in Dodging
  3198 | D:3      | Reached XP level 5. HP: 32/34 MP: 5/9
  3208 | D:3      | Reached skill level 3 in Spellcasting
  3364 | D:3      | Reached skill level 2 in Fighting
  3378 | D:3      | Found a shadowy altar of Dithmenos.
  3536 | D:3      | Found a snail-covered altar of Cheibriados.
  3540 | D:3      | Became a worshipper of Cheibriados the Contemplative
  3568 | D:3      | Found a white marble altar of Elyvilon.
  3578 | D:3      | Found a deep blue altar of Sif Muna.
  3649 | D:3      | Found a burning altar of Makhleb.
  3655 | D:3      | Noticed Robin
  3701 | D:3      | Killed Robin
  3759 | D:3      | Reached skill level 3 in Transmutations
  3768 | D:3      | Acquired Cheibriados's first power
  3906 | D:3      | Noticed Natasha
  3910 | D:3      | Killed Natasha
  4196 | D:4      | Reached skill level 4 in Unarmed Combat
  4196 | D:4      | Reached XP level 6. HP: 35/40 MP: 10/10
  4263 | D:4      | Found Toehu's Antique Weapon Shop.
  5198 | D:4      | Reached XP level 7. HP: 32/45 MP: 12/12
  5334 | D:5      | Entered Level 5 of the Dungeon
  5334 | D:5      | Noticed Menkaure
  5336 | D:5      | Killed Menkaure
  5336 | D:5      | Reached skill level 3 in Fighting
  5358 | D:5      | Found a staircase to the Ecumenical Temple.
  5408 | D:5      | Reached skill level 4 in Spellcasting
  5836 | D:5      | Found Amnuw's Assorted Antiques.
  5838 | D:5      | Reached skill level 4 in Dodging
  5838 | D:5      | Reached skill level 4 in Transmutations
  5845 | D:5      | Bought a scroll labeled LEOTSAUKUE for 20 gold pieces
  5845 | D:5      | Bought a scroll labeled GYHEITWEPPEC for 20 gold pieces
  5845 | D:5      | Bought a scroll of teleportation for 60 gold pieces
  5862 | D:5      | Noticed Edmund
  5945 | D:5      | Noticed Sigmund
  5975 | D:5      | Reached XP level 8. HP: 33/54 MP: 14/14
  6662 | D:6      | Reached skill level 5 in Unarmed Combat
  6706 | D:6      | Reached skill level 4 in Fighting
  6845 | D:6      | Found an opulent altar of Gozag.
  6899 | D:6      | Found Jaliguez's Gadget Emporium.
  7328 | D:6      | Acquired Cheibriados's second power
  7337 | D:6      | Learned a level 4 spell: Ice Form
  7467 | D:6      | Learned a level 5 spell: Blade Hands
  7618 | D:7      | Reached skill level 5 in Spellcasting
  7618 | D:7      | Reached skill level 5 in Transmutations
  7619 | D:7      | HP: 16/64 [wight/enchanted trident (1)]
  7990 | D:8      | Reached skill level 5 in Dodging
  7993 | D:8      | Reached XP level 9. HP: 37/60 MP: 10/16
  8170 | D:8      | Noticed Prince Ribbit
  8194 | D:8      | Reached skill level 5 in Fighting
  8194 | D:8      | Reached skill level 6 in Unarmed Combat
  8215 | D:8      | Acquired Cheibriados's third power
  8412 | D:8      | Noticed a wolf spider
  8415 | D:8      | HP: 11/61 [wolf spider (17)]
  8452 | D:8      | Noticed a brown ugly thing
  8460 | D:8      | HP: 9/59 [centaur/arrow (7)]
  8460 | D:8      | HP: 3/59 [centaur (6)]
  8460 | D:8      | Slain by a necrophage

Vault maps used:
D:1:      dpeg_arrival_refuge, serial_forest, infiniplex_forest_end_2,
          infiniplex_forest_split, infiniplex_forest_straight_3,
          infiniplex_forest_end_1, infiniplex_forest_straight_2,
          infiniplex_forest_diagonal
D:2:      nicolae_overflow_crystal_walls, nicolae_underground_beach
D:3:      lemuel_round_altar, grunt_temple_overflow_cloverleaf, first_bread,
          uniq_natasha, uniq_robin
D:4:      serial_shops, nicolae_shop_crystal
D:5:      temple_pool_b, serial_shops, shop, uniq_sigmund, uniq_menkaure,
          uniq_edmund
D:6:      serial_shops, shop, amethyst_killhole, grunt_gozag_breadcrumbs
D:7:      lemuel_coloured_pillars_altar
D:8:      hangedman_cross_veins, uniq_prince_ribbit1

Action                   |  1- 3 |  4- 6 |  7- 9 || total
-------------------------+-------+-------+-------++-------
Melee: Unarmed           |   222 |   157 |   190 ||   569
 Cast: Beastly Appendage |     8 |     8 |     3 ||    19
       Spider Form       |       |     5 |     7 ||    12
       Sticks to Snakes  |       |     5 |       ||     5
       Ice Form          |       |       |     2 ||     2
       Blade Hands       |       |       |     4 ||     4
Evoke: Wand              |       |       |     4 ||     4
  Use: Scroll            |     7 |     8 |    10 ||    25
       Potion            |       |       |     2 ||     2
 Stab: Sleeping          |     7 |    11 |     3 ||    21
       Distracted        |       |     1 |       ||     1
  Eat: Chunk             |     2 |     3 |     5 ||    10
       Beef jerky        |     1 |     2 |       ||     3
       Pizza             |       |     1 |       ||     1
       Royal jelly       |       |     1 |     1 ||     2

Vault maps used:
D:1:      dpeg_arrival_refuge, serial_forest, infiniplex_forest_end_2,
          infiniplex_forest_split, infiniplex_forest_straight_3,
          infiniplex_forest_end_1, infiniplex_forest_straight_2,
          infiniplex_forest_diagonal
D:2:      nicolae_overflow_crystal_walls, nicolae_underground_beach
D:3:      lemuel_round_altar, grunt_temple_overflow_cloverleaf, first_bread,
          uniq_natasha, uniq_robin
D:4:      serial_shops, nicolae_shop_crystal
D:5:      temple_pool_b, serial_shops, shop, uniq_sigmund, uniq_menkaure,
          uniq_edmund
D:6:      serial_shops, shop, amethyst_killhole, grunt_gozag_breadcrumbs
D:7:      lemuel_coloured_pillars_altar
D:8:      hangedman_cross_veins, uniq_prince_ribbit1

Table legend:
 A = Turns spent in this place as a percentage of turns spent in the entire game.
 B = Non-inter-level travel turns spent in this place as a percentage of non-inter-level travel turns spent in the entire game.
 C = Inter-level travel turns spent in this place as a percentage of turns spent in this place.
 D = Turns resting spent in this place as a percentage of non-inter-level travel turns spent in this place.
 E = Turns spent auto-exploring this place as a percentage of non-inter-level travel turns spent in this place.
 F = Non-inter-level travel turns spent in this place divided by the number of levels of this place that you've seen.
                   A       B       C       D       E      F
               +-------+-------+-------+-------+-------+----------------------
         Total | 100.0 | 100.0 |   0.4 |   4.2 |   9.5 | 237.0
       Dungeon | 100.0 | 100.0 |   0.4 |   4.2 |   9.5 | 237.0
               +-------+-------+-------+-------+-------+----------------------

Table legend:
 A = Kills in this place as a percentage of kills in entire the game.
 B = Kills by you in this place as a percentage of kills by you in the entire game.
 C = Kills by friends in this place as a percentage of kills by friends in the entire game.
 D = Other kills in this place as a percentage of other kills in the entire game.
 E = Experience gained in this place as a percentage of experience gained in the entire game.
 F = Experience gained in this place divided by the number of levels of this place that you have seen.
                   A       B       C       D       E      F
               +-------+-------+-------+-------+-------+----------------------
         Total | 100.0 | 100.0 | 100.0 |  -nan | 100.0 | 468.9
       Dungeon | 100.0 | 100.0 | 100.0 |  -nan | 100.0 | 468.9
               +-------+-------+-------+-------+-------+----------------------
